 Dungeon Crawl Stone Soup version 0.16.2-12-gd0ad4c3 (webtiles) character file.

249 faibistes the Cudgeler (level 6, -2/61 HPs)
             Began as an Ogre Warper on Dec 7, 2017.
             Slain by a hound (3 damage)
             ... on level 5 of the Dungeon.
             The game lasted 00:13:35 (5073 turns).

faibistes the Cudgeler (Ogre Warper)                Turns: 5073, Time: 00:13:36

Health: -2/61      AC:  3    Str: 17    XL:     6   Next: 12%
Magic:  3/13       EV: 10    Int: 16    God:
Gold:   191        SH:  0    Dex:  9    Spells: 4 memorised, 4 levels left

rFire  . . .     SeeInvis .     a - +0 mace
rCold  . . .     Clarity  .     b - +0 robe
rNeg   + . .     SustAb   .     (shield restricted)
rPois  .         Gourm    .     (helmet restricted)
rElec  .         Spirit   .     (no cloak)
rCorr  .         Warding  +     (gloves unavailable)
rMut   .         Stasis   .     (boots unavailable)
MR     .....                    k - amulet of warding
Stlth  +.........               (no ring)
                                o - +2 ring of intelligence

@: very slightly contaminated, not resistant to hostile enchantments, very
unstealthy
A: unfitting armour, tough skin 1
a: no special abilities


You were on level 5 of the Dungeon.
You were not hungry.

You visited 1 branch of the dungeon, and saw 6 of its levels.

You collected 191 gold pieces.

Inventory:

Hand weapons
 a - a +0 mace (weapon)
 e - a +0 hand axe
Missiles
 p - 42 stones
 v - a tomahawk (quivered)
Armour
 b - a +0 robe (worn)
Jewellery
 k - an amulet of warding (around neck)
 o - a +2 ring of intelligence (left hand)
Scrolls
 d - a scroll of blinking
 h - 2 scrolls of identify {unknown}
 j - a scroll of teleportation {unknown}
 n - a scroll of enchant weapon {unknown}
 s - a scroll of enchant armour {unknown}
 t - a scroll of remove curse {unknown}
Potions
 g - a potion of mutation {unknown}
 i - 3 potions of curing
 l - 2 potions of agility {unknown}
 q - a potion of magic {unknown}
 r - a potion of lignification {unknown}
 u - a potion of ambrosia {unknown}
Books
 c - a book of Spatial Translocations

   Spells                             Type                      Level
   a - Apportation                    Translocation                1
   b - Blink                          Translocation                2
   c - Shroud of Golubria             Charms/Translocation         2
   d - Portal Projectile              Translocation                3
   e - Teleport Other                 Translocation                3
   f - Passage of Golubria            Translocation                4
Comestibles
 f - 2 meat rations
 m - 4 bread rations
 w - a chunk of flesh


   Skills:
 + Level 3.4 Fighting
 * Level 4.4 Maces & Flails
 * Level 3.0 Throwing
 + Level 1.3 Armour
 - Level 1.7 Dodging
 * Level 3.8 Spellcasting
 + Level 0.2 Charms
 * Level 2.9 Translocations


You had 4 spell levels left.
You knew the following spells:

 Your Spells              Type           Power        Failure   Level  Hunger
a - Apportation           Tloc           ##........   8%          1    None
b - Teleport Other        Tloc           ##......     17%         3    ###....
c - Shroud of Golubria    Chrm/Tloc      #.........   14%         2    ##.....
d - Blink                 Tloc           N/A          10%         2    ##.....


Dungeon Overview and Level Annotations

Branches:
Dungeon (6/15)
 Temple: D:4-7

Altars:
Xom
Zin


Innate Abilities, Weirdness & Mutations

You are too large for most types of armour.
You have tough skin (AC +1).


Message History

You miscast Blink.
You are very lightly contaminated with residual magic.
You catch a glimpse of the back of your own head.
The hound closely misses you. The hound bites you but does no damage.
Casting: Blink
Confirm with . or Enter, or press ? or * to list all spells.
Space distorts slightly along a thin shroud covering your body.
The hound bites you but does no damage.
You closely miss the hound.
The hound is severely wounded.
The hound bites you.
* * * LOW HITPOINT WARNING * * *
The hound barely misses you.
You barely miss the hound.
The hound is severely wounded.
The hound bites you.
* * * LOW HITPOINT WARNING * * *
The hound pauses to sniff the ground.
The hound bites you.
You die...

###### ..##(##
#####.#...##
#...>..)...#.
#.#.........$#
#.###....h.#........
#........@######.###
......##.#######.#
##### #.)........
#.######### ##'##
##...## ##.....##
##.......##
####........<#


You could see a hound.

Vanquished Creatures
  An ogre (D:5)
  A hound (D:4)
  4 adders
  A giant mite (D:2)
  4 worms (D:2)
  2 giant geckos
  3 oozes (D:1)
  4 orcs (D:3)
  8 bats
  A bat skeleton (D:4)
  3 giant cockroaches
  10 goblins
  8 hobgoblins
  2 jackals (D:2)
  7 kobolds
  2 ball pythons
  6 giant newts
  2 quokkas (D:2)
  9 rats
78 creatures vanquished.

Notes
Turn   | Place    | Note
--------------------------------------------------------------
     0 | D:1      | faibistes, the Ogre Warper, began the quest for the Orb.
     0 | D:1      | Reached XP level 1. HP: 22/22 MP: 3/3
   287 | D:2      | Reached XP level 2. HP: 27/29 MP: 5/5
   451 | D:1      | Reached skill level 3 in Maces & Flails
  1050 | D:2      | Reached XP level 3. HP: 33/37 MP: 6/6
  1088 | D:1      | Reached skill level 1 in Armour
  1624 | D:2      | Learned a level 2 spell: Blink
  1627 | D:2      | Learned a level 2 spell: Shroud of Golubria
  2752 | D:2      | Reached XP level 4. HP: 43/45 MP: 8/8
  3573 | D:2      | Learned a level 3 spell: Teleport Other
  4102 | D:2      | Reached XP level 5. HP: 35/53 MP: 11/11
  4364 | D:2      | Found a glowing silver altar of Zin.
  4459 | D:4      | Reached skill level 4 in Maces & Flails
  4521 | D:3      | Found a shimmering altar of Xom.
  4911 | D:5      | Entered Level 5 of the Dungeon
  5050 | D:6      | Noticed an ogre
  5060 | D:5      | Killed an ogre
  5060 | D:5      | Reached XP level 6. HP: 31/61 MP: 7/13
  5073 | D:5      | HP: 1/61 [hound (6)]
  5073 | D:5      | Slain by a hound

Action                   |  1- 3 |  4- 6 || total
-------------------------+-------+-------++-------
Melee: Mace              |   144 |   182 ||   326
Throw: Tomahawk          |     5 |     9 ||    14
       Stone             |       |    58 ||    58
 Cast: Shroud of Golubri |     1 |     2 ||     3
       Blink             |       |     3 ||     3
  Use: Potion            |       |     1 ||     1
  Eat: Chunk             |     5 |     7 ||    12
       Beef jerky        |     1 |       ||     1
